[Event "15th Deltalift Open 2018"]
[Site "Halmstad"]
[Date "2018.05.10"]
[Round "4"]
[White "Rasti, Arvin"]
[Black "Cramling Bellon, Anna"]
[Result "0-1"]
[ECO "D52"]
[WhiteElo "1956"]
[BlackElo "2153"]
[Annotator "NA"]
[PlyCount "82"]
[EventDate "2018.??.??"]
[EventType "swiss"]
[EventCountry "SWE"]
[SourceTitle "playchess.com"]
[Source "ChessBase"]
[SourceQuality "1"]
[TimeControl "1800+12"]

1. d4 d5 2. c4 e6 3. Nc3 c6 4. Nf3 Nf6 5. Bg5 Nbd7 6. e3 Qa5 7. Qc2 Bb4 8. Nd2 dxc4 9. Bxf6 Nxf6 10. Nxc4 Qc7 11. Be2 O-O 12. O-O Bd7 13. Rfd1 Rfd8 14. Rac1 Rac8 15. a3 Be7 16. h3 a5 17. Ne5 Bd6 18. f4 c5 19. Ne4 Bxe5 20. fxe5 Nxe4 21. Qxe4 Bc6 22. Qc2 cxd4 23. exd4 Qb6 24. Qc3 h6 25. Qd2 Ba4 26. Rxc8 Rxc8 27. Rf1 Rc2 28. Qe3 Qxb2 29. Bf3 Bc6 30. Kh1 Rxg2 31. Bxc6 Rh2+ 32. Kg1 bxc6 33. Qf3 Kh8 34. Qg3 Rd2 35. Rxf7 Qxd4+ 36. Rf2 Rxf2 37. Qxf2 Qxe5 38. h4 c5 39. Kg2 Qe4+ 40. Kh3 Qf5+ 41. Qxf5 exf5 0-1

[Event "15th Deltalift Open 2018"]
[Site "Halmstad"]
[Date "2018.05.11"]
[Round "6"]
[White "Sorensen, Hampus"]
[Black "Bohman Karlholm, Adrian"]
[Result "1/2-1/2"]
[ECO "D31"]
[WhiteElo "2176"]
[BlackElo "2019"]
[Annotator "NA RC"]
[PlyCount "65"]
[EventDate "2018.??.??"]
[EventType "swiss"]
[EventCountry "SWE"]
[SourceTitle "playchess.com"]
[Source "ChessBase"]
[SourceQuality "1"]
[TimeControl "40/5400+30:1800+30"]

1. d4 d5 2. c4 e6 3. Nc3 c6 4. e3 f5 5. Nf3 Nf6 6. Bd3 Bd6 7. O-O O-O 8. b3 Ne4 9. Bb2 Nd7 10. Qc2 {[%emt 0:03:08] LiveBook: 12 Games A85: Dutch Defence: 2 c4 Nf6 3 Nc3} (10. Ne2 b6 11. b4 Rb8 12. b5 Bb7 13. cxd5 cxd5 14. Qa4 Qe7 15. Qb3 Ra8 16. a4 a5 17. Ba3 Bxa3 18. Rxa3 {1-0 (54) Morozevich,A (2758)-Timofeev,A (2616) Loo 2013}) 10... g5 11. Ne2 Qf6 12. Ng3 ({White should try} 12. g3 $11) 12... g4 13. Bxe4 $146 ({Predecessor:} 13. Ne5 Nxe5 14. Nh5 Qh8 15. dxe5 Bxe5 16. Bxe5 Qxe5 17. f3 Nc5 18. Rae1 Nxd3 19. Qxd3 Bd7 20. e4 fxe4 {0-1 (20) Gromark,P (2056)-Ziegler,A (2327) Vaxjo 2015}) 13... fxe4 14. Nd2 Rf7 15. Rae1 Qh4 16. Re2 Nf6 17. f4 gxf3 18. gxf3 Rg7 19. Rg2 Bxg3 20. hxg3 Rxg3 21. Rff2 Kh8 22. Rxg3 Qxg3+ 23. Kf1 Bd7 24. Ba3 Rg8 25. Be7 Rg6 26. Ke2 Rh6 27. Qd1 (27. fxe4 $17 Ng4 28. Rf8+ Kg7 29. Nf1 Qg2+ 30. Kd3 Qxe4+ 31. Kc3 Qxc2+ 32. Kxc2) 27... exf3+ (27... e5 $19 28. Nf1 Qg7 29. dxe5 Qxe7 30. exf6 Rxf6) 28. Rxf3 Qg2+ 29. Kd3 Ne4 30. Nxe4 $4 (30. Rf8+ $15 Kg7 31. Nxe4 Qxe4+ 32. Kc3) 30... dxe4+ 31. Kxe4 Rh3 $2 (31... Rh1 $19 32. Qxh1 Qxh1) 32. Kf4 $19 (32. Qf1 $11 Qg6+ 33. Ke5 Qh5+ 34. Ke4 Qg6+ 35. Ke5 Qh5+ 36. Ke4 Qg6+) 32... Qh2+ 33. Ke4 1/2-1/2

[Event "15th Deltalift Open 2018"]
[Site "Halmstad"]
[Date "2018.05.12"]
[Round "8"]
[White "Lokander, Martin"]
[Black "Silseth, Simon"]
[Result "1-0"]
[ECO "D37"]
[WhiteElo "2386"]
[BlackElo "2239"]
[Annotator "ChessBase"]
[PlyCount "59"]
[EventDate "2018.??.??"]
[EventType "swiss"]
[EventCountry "SWE"]
[SourceTitle "playchess.com"]
[Source "ChessBase"]
[SourceQuality "1"]
[TimeControl "1800+12"]

1. d4 d5 2. c4 e6 3. Nf3 Nf6 4. Nc3 Be7 5. Bf4 O-O 6. e3 c6 7. Qc2 b6 8. cxd5 exd5 9. Bd3 Bb7 10. h4 Nbd7 11. Ng5 h6 12. g4 Re8 13. Bh7+ Kf8 14. Nxf7 Kxf7 15. Qg6+ Kf8 16. g5 Nxh7 17. gxh6 Bf6 18. Qxh7 Kf7 19. Rg1 Nf8 20. Rxg7+ Ke6 21. Qg8+ Kf5 22. Rg3 Ng6 23. Qxg6+ Ke6 24. Rg5 Kd7 25. Qf5+ Re6 26. Rg6 Qe7 27. Rc1 Rc8 28. h7 Bxd4 29. Nxd5 cxd5 30. Rxc8 1-0

[Event "15th Deltalift Open 2018"]
[Site "Halmstad"]
[Date "2018.05.12"]
[Round "8"]
[White "Bellon Lopez, Juan Manuel"]
[Black "Linusson, Pelle"]
[Result "1/2-1/2"]
[ECO "A45"]
[WhiteElo "2344"]
[BlackElo "2211"]
[Annotator "NA"]
[PlyCount "107"]
[EventDate "2018.??.??"]
[EventType "swiss"]
[EventCountry "SWE"]
[SourceTitle "playchess.com"]
[Source "ChessBase"]
[SourceQuality "1"]
[TimeControl "1800+12"]

1. d4 Nf6 2. Bg5 c5 3. Bxf6 gxf6 4. d5 Qb6 5. Qc1 Bg7 6. e3 f5 7. c3 Na6 {[%emt 0:00:00] LiveBook: 7 Games A45: Trompowsky Attack} (7... d6 8. Qd2 Nd7 9. Nh3 Nf6 10. Nf4 e5 11. dxe6 fxe6 12. Be2 Bd7 13. O-O O-O-O 14. a4 a6 15. a5 Qc7 {1-0 (35) Milov,V (2622)-Salgado Lopez,I (2622) Dubai 2014}) 8. Na3 Nc7 9. Qd2 {[%emt 0:00:00] [#]} (9. Bc4 $11 {keeps the balance.}) 9... Nxd5 $1 10. Nc4 Qc6 11. Na5 Qc7 12. Qxd5 Qxa5 13. Ne2 e6 14. Qd6 $146 ({Predecessor:} 14. Qf3 d5 15. g4 fxg4 16. Qxg4 {0-1 (34) Israel,G (2120)-Primel,D (2030) Cappelle-la-Grande 1999}) 14... Qb6 15. Qxb6 axb6 16. Nf4 d5 17. Bb5+ Bd7 18. Bxd7+ Kxd7 19. Nh5 Be5 20. f4 Bd6 21. a3 Ke7 22. O-O-O (22. Kf2 $17 {is a better defense.}) 22... b5 23. Ng3 Rhg8 24. Rhg1 b4 25. axb4 cxb4 26. cxb4 Bxb4 27. Kb1 Bc5 28. Rd3 Ra4 29. Rc1 b6 30. Rc2 h5 31. Re2 Rga8 32. Nxh5 Ra1+ 33. Kc2 Rh8 34. Ng3 Rxh2 35. Rd1 Rxd1 36. Kxd1 Kf6 37. Kc2 d4 38. exd4 Bxd4 39. Kd3 Bc5 40. Nf1 (40. Rc2 $142) 40... Rh1 41. Nd2 b5 42. Nf3 Rf1 43. Rc2 Bd6 44. Ke2 Rb1 45. g3 b4 46. Nd2 Rg1 47. Kf2 Rd1 48. Ke2 $1 Rg1 49. Kf2 Rd1 50. Ke2 Rh1 51. Rc6 $17 Ke7 52. Kd3 Kf6 53. Ke2 Be7 54. Ke3 1/2-1/2

[Event "15th Deltalift Open 2018"]
[Site "Halmstad"]
[Date "2018.05.12"]
[Round "8"]
[White "Malmstig, Erik"]
[Black "Madebrink, Lars"]
[Result "1-0"]
[ECO "E70"]
[WhiteElo "2339"]
[BlackElo "2192"]
[Annotator "ChessBase"]
[PlyCount "113"]
[EventDate "2018.??.??"]
[EventType "swiss"]
[EventCountry "SWE"]
[SourceTitle "playchess.com"]
[Source "ChessBase"]
[SourceQuality "1"]
[TimeControl "1800+12"]

1. c4 Nf6 2. Nc3 g6 3. d4 Bg7 4. e4 d6 5. Nge2 c6 6. Ng3 e5 7. d5 a5 8. Be2 Na6 9. h4 cxd5 10. cxd5 h5 11. Bg5 Qb6 12. Bb5+ Kf8 13. Qe2 Nc5 14. f3 Bd7 15. Be3 Rc8 16. Nf1 Bh6 17. Bf2 Kg7 18. Ne3 Bxb5 19. Nxb5 Rhd8 20. O-O Qa6 21. Rac1 Ne8 22. Rfe1 a4 23. Rc3 Nd7 24. Rec1 Rc5 25. Rxc5 Nxc5 26. Qf1 Qa5 27. Nxd6 Nxd6 28. Rxc5 Qb4 29. Qe2 a3 30. bxa3 Qb1+ 31. Nf1 Ra8 32. Rc3 Kf6 33. Rb3 Qc1 34. Kh2 Rxa3 35. Rxa3 Qxa3 36. Qc2 Qa6 37. Kg1 Nb5 38. Qb2 Qa4 39. Qb3 Qxb3 40. axb3 Bf8 41. Nd2 Bb4 42. Nc4 Bc3 43. Bg3 Bd4+ 44. Kf1 Nc3 45. Ke1 b5 46. Na3 Bc5 47. Nc2 Bd6 48. Kd2 Na2 49. Bf2 Ke7 50. Ne1 f5 51. Nd3 fxe4 52. fxe4 Nb4 53. Bc5 Na6 54. Bxd6+ Kxd6 55. Kc3 Nc7 56. Kb4 Ne8 57. Kxb5 {[%emt 0:00:00] Kxd5} 1-0

[Event "15th Deltalift Open 2018"]
[Site "Halmstad"]
[Date "2018.05.12"]
[Round "8"]
[White "Hobber, Anders"]
[Black "Petersson, Baldur Teodor"]
[Result "1/2-1/2"]
[ECO "A48"]
[WhiteElo "2320"]
[BlackElo "2038"]
[Annotator "NA"]
[PlyCount "31"]
[EventDate "2018.??.??"]
[EventType "swiss"]
[EventCountry "SWE"]
[SourceTitle "playchess.com"]
[Source "ChessBase"]
[SourceQuality "1"]
[TimeControl "1800+12"]

1. d4 Nf6 2. Nf3 g6 3. Nc3 d5 4. Bf4 Bg7 5. e3 c6 6. Be2 Nbd7 {[%emt 0:00:00] LiveBook: 27 Games} 7. Ne5 Ne4 8. Nxe4 dxe4 9. Nxd7 Bxd7 10. c3 e6 11. Qc2 f5 12. h4 $16 Qe7 13. O-O-O e5 14. dxe5 Bxe5 15. Bxe5 Qxe5 16. Qb3 1/2-1/2

[Event "15th Deltalift Open 2018"]
[Site "Halmstad"]
[Date "2018.05.12"]
[Round "8"]
[White "Crevatin, Leo"]
[Black "Danielsson, Fredrik"]
[Result "0-1"]
[ECO "A50"]
[WhiteElo "2251"]
[BlackElo "2117"]
[Annotator "NA"]
[PlyCount "50"]
[EventDate "2018.??.??"]
[EventType "swiss"]
[EventCountry "SWE"]
[SourceTitle "playchess.com"]
[Source "ChessBase"]
[SourceQuality "1"]
[TimeControl "1800+12"]

1. d4 Nf6 2. c4 g6 3. f3 e6 4. e4 d5 5. cxd5 exd5 6. Nc3 dxe4 7. fxe4 Bb4 8. Qd3 O-O 9. Bg5 h6 10. Bxh6 (10. Bxf6 $1 $11 Qxf6 11. Nf3) 10... Re8 11. e5 (11. Bg5 $15) 11... Bf5 12. Qc4 Nd5 13. Nf3 Nc6 14. O-O-O $2 (14. Bg5 $1 $14 Qd7 15. Kf2) 14... Nxc3 15. bxc3 Ba3+ 16. Kd2 Nxe5 17. Nxe5 Rxe5 18. Bf4 $2 (18. Bd3 {nothing else works.} Bxd3 19. Qxd3) 18... Re4 19. g3 {[%emt 0:00:00] [#]} b5 $1 20. Qb3 Rxd4+ 21. cxd4 Qxd4+ 22. Ke1 Re8+ 23. Be2 Qe4 24. Qe3 Qxh1+ 25. Kd2 Bb4+ 0-1

[Event "15th Deltalift Open 2018"]
[Site "Halmstad"]
[Date "2018.05.12"]
[Round "8"]
[White "Haugli, Petter"]
[Black "Bohman Karlholm, Adrian"]
[Result "1-0"]
[ECO "A22"]
[WhiteElo "2245"]
[BlackElo "2019"]
[Annotator "NA"]
[PlyCount "89"]
[EventDate "2018.??.??"]
[EventType "swiss"]
[EventCountry "SWE"]
[SourceTitle "playchess.com"]
[Source "ChessBase"]
[SourceQuality "1"]
[TimeControl "1800+12"]

1. c4 e5 2. Nc3 Nf6 3. g3 d5 4. cxd5 Nxd5 5. Bg2 Nb6 6. d3 Be7 {[%emt 0:00:00] LiveBook: 335 Games} 7. Be3 O-O 8. Rc1 Re8 {[%emt 0:00:00] A22: English Opening: 1...e5 2 Nc3 Nf6} 9. Qc2 c6 10. Nf3 Bf8 $146 ({Predecessor:} 10... Nd5 11. Bd2 Bf8 12. O-O h6 13. Nxd5 Qxd5 14. Bc3 Qd6 15. d4 e4 16. Ne5 {1-0 (49) Giri,A (2793)-Ssegwanyi,A (2357) Baku 2015}) 11. O-O Na6 12. a3 f6 13. Ne4 (13. d4 $14) 13... Be6 14. b4 Qd7 15. Rfd1 Rad8 16. Bc5 Qf7 17. Rb1 Be7 18. Bxe7 Rxe7 19. Nc5 Nxc5 20. bxc5 Nc8 21. Rb4 Rc7 22. Rc1 Ne7 23. Qa4 Nd5 24. Rbb1 a6 25. Qa5 Qd7 26. Rb2 Ne7 27. Rcb1 Bd5 28. Rxb7 Rxb7 29. Rxb7 Qxb7 30. Qxd8+ Kf7 31. Qb6 Qc8 32. Qa7 e4 33. dxe4 Bxe4 34. Ng5+ fxg5 35. Bxe4 Qe6 36. Bd3 Qe5 37. Qxa6 Qxc5 38. Qc4+ Qxc4 39. Bxc4+ Ke8 40. f4 gxf4 41. gxf4 Nf5 42. Bd3 g6 43. Bxf5 gxf5 $18 44. Kf2 Kd7 45. Ke3 1-0

[Event "15th Deltalift Open 2018"]
[Site "Halmstad"]
[Date "2018.05.12"]
[Round "8"]
[White "Tuomainen, Felix"]
[Black "Johnson, Daniel"]
[Result "1/2-1/2"]
[ECO "D37"]
[WhiteElo "2211"]
[BlackElo "2028"]
[Annotator "NA"]
[PlyCount "126"]
[EventDate "2018.??.??"]
[EventType "swiss"]
[EventCountry "SWE"]
[SourceTitle "playchess.com"]
[Source "ChessBase"]
[SourceQuality "1"]
[TimeControl "1800+12"]

1. d4 d5 2. c4 e6 3. Nc3 Be7 4. Nf3 Nf6 5. Bf4 O-O 6. e3 b6 7. Bd3 Bb7 8. cxd5 exd5 9. O-O Nbd7 {[%emt 0:00:00] LiveBook: 12 Games D37: Queen's Gambit Declined: 5 Bf4} (9... c5 10. Ne5 Na6 11. Bb5 Qc8 12. Bg5 Rd8 13. Qa4 Nb8 14. f4 c4 15. Qd1 a6 16. Ba4 b5 17. Bc2 Qc7 18. Rf3 {1-0 (34) Andreikin,D (2720)-Johannessen,L (2503) Skopje 2015}) 10. Nb5 c5 11. Nd6 Bxd6 12. Bxd6 Re8 13. b3 $146 ({Predecessor:} 13. Rc1 c4 14. Bf5 Nf8 15. Bg3 Bc8 16. Bb1 Bg4 {0-1 (30) Mumdgan,S (2220)-Serditykh,O (1953) Sochi 2017}) 13... Ne4 14. Bf4 a6 15. Rc1 b5 16. dxc5 Ndxc5 17. b4 Nxd3 18. Qxd3 Rc8 19. Nd4 Rc4 20. f3 Qc8 21. Rxc4 (21. Rce1 $14 Rc3 22. Qe2) 21... dxc4 22. Qc2 Nf6 ({Better is} 22... g5 $1 $15) 23. Nf5 Qe6 24. Nd6 Re7 25. Rd1 Bc6 26. Nf5 Rd7 27. Nd4 Qe8 $1 28. e4 Bb7 29. a4 Qd8 30. Be3 Nh5 31. g3 ({White should play} 31. Rd2 $16) 31... Nf6 32. Rd2 Qe7 33. Qc3 {[%emt 0:00:00] [#]} Bxe4 $1 34. fxe4 Qxe4 (34... Nxe4 $11 35. Nf5 Qf8 36. Rxd7 Nxc3 37. Ne7+ Kh8 38. axb5 a5 39. bxa5 h6) 35. Bf2 Qb1+ 36. Kg2 h6 {[%emt 0:00:13] [#]} 37. axb5 (37. Re2 $1 $16) 37... Ne4 38. Qc2 Nxd2 39. Qxd2 $2 (39. Qxb1 $14 Nxb1 40. bxa6) 39... Qe4+ 40. Kg1 {[%emt 0:00:00] [#]} axb5 $1 41. Qe3 Qxe3 42. Bxe3 Rd5 43. Kf2 f5 44. Nc6 Rd3 (44... Kf7 $17) 45. Ne7+ Kh7 46. Nxf5 Rb3 47. Bc5 $1 Rb2+ 48. Ke3 Rxh2 49. Nd4 Rh3 50. Bd6 Rh5 51. Ke4 Rg5 52. Be5 h5 53. Bf4 Rg4 54. Nf3 {[%emt 0:00:00] [#]} Rg6 $2 (54... c3 $1 $19 55. Ke3 {[#]} h4 $1 ) 55. Ng5+ Kg8 56. Kd5 Rf6 57. Be5 Rf5 58. Ne4 g5 59. Ke6 Rf3 60. Kd5 Rb3 $2 (60... h4 $19 61. gxh4 gxh4) 61. Kc5 h4 62. gxh4 gxh4 63. Nd2 h3 $19 1/2-1/2

[Event "15th Deltalift Open 2018"]
[Site "Halmstad"]
[Date "2018.05.12"]
[Round "8"]
[White "Nilsson, Patrik"]
[Black "Rydstrom, Tom"]
[Result "1/2-1/2"]
[ECO "B22"]
[WhiteElo "2195"]
[BlackElo "2324"]
[Annotator "NA"]
[PlyCount "131"]
[EventDate "2018.??.??"]
[EventType "swiss"]
[EventCountry "SWE"]
[SourceTitle "playchess.com"]
[Source "ChessBase"]
[SourceQuality "1"]
[TimeControl "1800+12"]

1. e4 c5 2. c3 Nf6 3. e5 Nd5 4. Nf3 Nc6 5. Bc4 Nb6 6. Bb3 d5 7. exd6 Qxd6 8. d4 {[%emt 0:00:00] LiveBook: 45 Games B22: Sicilian: 2 c3} (8. Na3 Be6 9. d4 Bxb3 10. Qxb3 cxd4 11. Nb5 Qd7 12. Nbxd4 Nxd4 13. Nxd4 e6 14. Bf4 Bd6 15. Bxd6 Qxd6 {½-½ (32) Abasov,N (2587)-Nepomniachtchi,I (2733) Antalya 2017}) 8... g6 $146 ({Predecessor:} 8... cxd4 9. O-O Be6 10. Bxe6 Qxe6 11. Nxd4 Nxd4 12. Qxd4 Rd8 13. Qf4 g6 14. Be3 Bg7 15. Na3 O-O 16. Rfe1 Nd5 17. Qc4 a6 18. Bd4 Qf5 19. Bxg7 Kxg7 20. Qd4+ f6 21. c4 {½-½ (42) Savchenko,B (2559)-Timofeev,A (2603) Kazan 2014}) 9. dxc5 Qxc5 10. Be3 Qh5 11. Ng5 Qxd1+ 12. Kxd1 e6 $1 13. Nd2 Be7 14. f4 O-O 15. Ke2 Nd5 16. Bxd5 exd5 17. Ngf3 Re8 18. Nb3 Bf5 19. Kf2 Bf8 20. Rhe1 Be4 21. g3 h6 22. Nfd4 Nxd4 23. Bxd4 Rec8 24. Be3 b5 25. a3 a5 26. Nd2 Bf5 27. Bd4 Rab8 28. b4 a4 29. Nf3 Rb7 30. Re3 Be4 31. Ne5 Bg7 32. Rd1 g5 33. Rg1 Rbc7 34. Ke2 (34. fxg5 $11 hxg5 35. h4) 34... f6 35. Nd3 Re8 36. Nc5 Rce7 37. Kd2 Kf7 38. Rge1 gxf4 39. gxf4 h5 40. Rh3 Bh6 41. Nxe4 Bxf4+ ({Much worse is} 41... Rxe4 $6 42. Rxe4 dxe4 43. Ke3 $11) (41... dxe4 $6 42. Rf1 $14) 42. Kd1 Rxe4 43. Rxe4 dxe4 ({Don't take} 43... Rxe4 44. Rxh5 Be5 45. Bxe5 $11) 44. Rxh5 e3 $2 (44... Be5 $19 45. Rh7+ Kg6) 45. Ke2 Kg6 46. Rh3 (46. Rxb5 $14 Rh8 47. h4 Rxh4 48. Bxe3) 46... Kf5 47. Bxe3 Kg4 48. Rf3 Bxh2 49. Rxf6 Be5 50. Rg6+ Kf5 $1 51. Rg5+ Ke4 52. Rg4+ Kf5 53. Rg5+ Kf6 54. Rh5 ({Better is} 54. Kd3 $14) 54... Bxc3 55. Kd3 Be5 56. Bd4 Bxd4 57. Kxd4 Rd8+ (57... Re1 $16 {is a better defense.} 58. Kc5 (58. Rxb5 Ra1 $14) 58... Re3) 58. Ke4 $2 (58. Kc5 $18) 58... Rd1 59. Rxb5 Ra1 $1 60. Ra5 Rxa3 61. Kd5 Ra1 62. Kc4 Ke6 63. b5 Kd6 64. Ra6+ Kc7 $11 65. Kb4 Kb7 66. Rxa4 1/2-1/2

[Event "15th Deltalift Open 2018"]
[Site "Halmstad"]
[Date "2018.05.12"]
[Round "8"]
[White "Sorensen, Hampus"]
[Black "Neretljak, Nedzad"]
[Result "1-0"]
[ECO "A52"]
[WhiteElo "2176"]
[BlackElo "2099"]
[Annotator "NA"]
[PlyCount "147"]
[EventDate "2018.??.??"]
[EventType "swiss"]
[EventCountry "SWE"]
[SourceTitle "playchess.com"]
[Source "ChessBase"]
[SourceQuality "1"]
[TimeControl "1800+12"]

1. d4 Nf6 2. c4 e5 3. dxe5 Ng4 4. e3 Nxe5 5. Nc3 {[%emt 0:00:00] A52: Budapest Gambit} (5. Nh3 Bb4+ 6. Bd2 a5 7. Nf4 d6 8. Nc3 O-O 9. Be2 Re8 10. O-O Nbd7 11. Qc2 Nf6 12. Rad1 c6 13. Na4 Bxd2 14. Rxd2 {1-0 (49) Wojtaszek,R (2727)-Ivanchuk,V (2710) Huaian 2016}) 5... g6 6. f4 Nec6 7. Nf3 Bg7 8. Bd3 d6 9. Bd2 Be6 $146 ({Predecessor:} 9... Nd7 10. a3 a5 11. O-O O-O 12. Rb1 {1-0 (27) Elsness,F (2458)-Tisdall,J (2426) Norway 2010}) 10. a3 a5 11. Ng5 Nd7 12. Nxe6 fxe6 13. O-O O-O 14. Rb1 Nf6 15. Kh1 Kh8 16. Ne4 Nxe4 17. Bxe4 e5 18. f5 Qh4 19. Qc2 g5 20. g3 Qh5 21. Bc3 g4 22. b4 axb4 23. axb4 Qg5 24. Bd2 h5 (24... Rab8 $16 {might work better.} 25. Rbd1 Ne7) 25. b5 Nd8 26. c5 h4 27. cxd6 cxd6 28. Kg1 Qh5 29. Bg2 Nf7 30. f6 Bh6 31. Rf5 Ng5 32. e4 hxg3 33. hxg3 Nh3+ 34. Bxh3 Qxh3 35. Bxh6 Qxh6 36. Qh2 Qxh2+ 37. Kxh2 Ra2+ 38. Kg1 Kh7 39. Rd1 Rb2 40. Rxd6 Ra8 $2 (40... Rb1+ $11 {and Black stays safe.} 41. Kg2 Rb2+ 42. Kf1 Rxb5) 41. Rd7+ Kg6 42. Rg7+ Kh6 43. Rxg4 Rb1+ 44. Kg2 Ra2+ 45. Rf2 Rxf2+ 46. Kxf2 Rb2+ 47. Kg1 Rb1+ 48. Kg2 Rb2+ 49. Kh3 Rf2 50. Rg7 b6 51. Re7 Rxf6 52. Rxe5 Kg6 53. Kg4 Rd6 54. Rd5 Re6 55. e5 Kf7 56. Kf5 Rh6 57. g4 Rh1 58. Rd7+ Ke8 59. Rb7 Rf1+ 60. Ke6 Kd8 61. Rxb6 Rg1 62. Rb8+ Kc7 63. Rg8 Rb1 64. g5 Rxb5 65. g6 Rb6+ 66. Ke7 Rb7 67. e6 Rb1 68. Ra8 Rg1 69. Kf7 Rf1+ 70. Kg8 Kd6 71. g7 Ke7 72. Ra7+ Kxe6 73. Ra6+ Ke7 74. Kh7 1-0

[Event "15th Deltalift Open 2018"]
[Site "Halmstad"]
[Date "2018.05.12"]
[Round "8"]
[White "Lindborg, Patrik"]
[Black "Goransson, Martin"]
[Result "1-0"]
[ECO "D15"]
[WhiteElo "2172"]
[BlackElo "2025"]
[Annotator "NA"]
[PlyCount "87"]
[EventDate "2018.??.??"]
[EventType "swiss"]
[EventCountry "SWE"]
[SourceTitle "playchess.com"]
[Source "ChessBase"]
[SourceQuality "1"]
[TimeControl "1800+12"]

1. d4 d5 2. c4 c6 3. Nf3 Nf6 4. Nc3 a6 5. e3 b5 6. b3 Bg4 7. h3 Bxf3 8. Qxf3 e5 9. cxd5 {[%emt 0:00:00] D15: Slav Defence: 4 Nc3 a6 and gambit lines after 4 Nc3 dxc4} (9. dxe5 $11 Bb4 10. Bd2) 9... Bb4 {[%emt 0:00:00] LiveBook: 3 Games} 10. Bd2 cxd5 $146 ({Predecessor:} 10... Qa5 11. Nb1 exd4 12. Qf4 Bxd2+ 13. Nxd2 O-O 14. Qxd4 cxd5 15. a4 bxa4 16. Rxa4 Qc7 17. Be2 Nc6 18. Qc3 Qb6 19. O-O {½-½ (19) Deepan Chakkravarthy,J (2468)-Hernandez Carmenates,H (2569) Barcelona 2012}) 11. Rd1 exd4 12. exd4 O-O 13. Be2 Nc6 14. Qd3 Qb6 15. O-O Nxd4 16. Bg4 Ne6 17. Nxd5 Nxd5 18. Qxd5 Rad8 19. Be3 Qa5 20. Qe4 Nc5 (20... Rde8 $14) 21. Qc6 Ne6 $2 (21... f5 $16) 22. Bb6 (22. Bxe6 $142 Rxd1 23. Rxd1 fxe6 24. Rd7) 22... Qxa2 23. Bxd8 Nxd8 24. Qb6 Qa5 25. Qxa5 Bxa5 26. Ra1 Bc3 27. Rxa6 b4 28. Rd1 Nb7 29. Rd5 g6 30. Be2 Kg7 31. Bc4 Nd8 32. Rd7 h5 33. Ra8 Ne6 34. Rxf8 Kxf8 35. Bxe6 fxe6 36. h4 Bf6 37. g3 Be7 38. Kg2 Kf7 39. Kf3 Kf6 40. Ke4 $18 Bc5 41. Rd2 Ba7 42. f3 g5 43. Ra2 Bc5 44. hxg5+ 1-0

[Event "15th Deltalift Open 2018"]
[Site "Halmstad"]
[Date "2018.05.12"]
[Round "8"]
[White "Ivarsson, Torbjorn"]
[Black "Andersson, Robert"]
[Result "1-0"]
[ECO "A45"]
[WhiteElo "2153"]
[BlackElo "2090"]
[Annotator "NA"]
[PlyCount "79"]
[EventDate "2018.??.??"]
[EventType "swiss"]
[EventCountry "SWE"]
[SourceTitle "playchess.com"]
[Source "ChessBase"]
[SourceQuality "1"]
[TimeControl "1800+12"]

1. d4 Nf6 2. Bf4 g6 3. Nc3 d5 {[%emt 0:00:00] A45: Trompowsky Attack} 4. e3 Bg7 5. h4 h5 6. Nf3 {[%emt 0:00:00] LiveBook: 20 Games} Ne4 $146 (6... O-O $11) ({Predecessor:} 6... Bg4 7. Be2 Bxf3 8. Bxf3 c6 9. Qd2 Nbd7 10. O-O-O b5 11. Kb1 {½-½ (34) Aronian,L (2797)-Vachier Lagrave,M (2793) Caleta 2018}) 7. Nxe4 dxe4 8. Ng5 c5 9. c3 cxd4 10. cxd4 Qa5+ 11. Qd2 Qxd2+ 12. Kxd2 Bf5 13. Bc4 O-O 14. Ke2 Nd7 15. Rhd1 e5 16. dxe5 Nxe5 17. Bxe5 (17. Bd5 $14) 17... Bxe5 18. Rd5 Bxb2 19. Rb1 Rac8 20. Rxb2 Rxc4 21. Rxb7 Rc2+ 22. Rd2 $1 Rxd2+ 23. Kxd2 f6 24. Nh3 Rd8+ 25. Kc2 Rc8+ 26. Kb2 Rd8 27. a4 Bxh3 28. gxh3 Rd2+ 29. Kc3 Rxf2 30. Rxa7 Rf3 31. Kd4 Rxh3 32. a5 Rxh4 33. a6 Rh1 34. Rb7 Ra1 35. a7 Ra4+ 36. Kd5 f5 37. Ke5 h4 38. Kf4 g5+ 39. Kxg5 h3 40. Rb8+ 1-0

[Event "15th Deltalift Open 2018"]
[Site "Halmstad"]
[Date "2018.05.12"]
[Round "8"]
[White "Wallin, Dennis"]
[Black "Lindh, Fredrik"]
[Result "1/2-1/2"]
[ECO "A48"]
[WhiteElo "2136"]
[BlackElo "2296"]
[Annotator "NA"]
[PlyCount "43"]
[EventDate "2018.??.??"]
[EventType "swiss"]
[EventCountry "SWE"]
[SourceTitle "playchess.com"]
[Source "ChessBase"]
[SourceQuality "1"]
[TimeControl "1800+12"]

1. Nf3 Nf6 2. d4 g6 3. Bg5 Bg7 4. Nbd2 d5 5. e3 O-O 6. Be2 c5 7. c3 b6 8. O-O Bb7 9. a4 Nbd7 10. a5 {[%emt 0:00:00] LiveBook: 27 Games} Ne4 {[%emt 0:00:00] D03: 1 d4 d5 2 Nf3 Nf6 3 Bg5, including Torre Attack with early ...d5} (10... h6 11. Bh4 Ne4 12. a6 Bc6 13. Nxe4 dxe4 14. d5 exf3 15. gxf3 Bxd5 16. Qxd5 Nf6 17. Qxd8 Raxd8 18. Rfd1 {1-0 (44) Mastrovasilis,A (2551)-Papp,P (2352) Caleta 2017}) 11. Nxe4 dxe4 12. Nd2 h6 13. Bh4 cxd4 14. cxd4 Nf6 $146 ({Predecessor:} 14... bxa5 15. Qa4 Nb6 16. Qxa5 Bd5 17. Rfc1 Qd7 18. Qb4 {1-0 (36) Sosna,J (2411)-Lanc,A (2368) Czechia 2007}) 15. Qb3 Bd5 16. Bc4 e6 17. Bxd5 Qxd5 18. Bxf6 Bxf6 19. axb6 axb6 20. Qc2 e5 21. Nxe4 Bg7 $16 22. Nc3 1/2-1/2

[Event "15th Deltalift Open 2018"]
[Site "Halmstad"]
[Date "2018.05.12"]
[Round "8"]
[White "Ask, Josef"]
[Black "Wernberg, Hugo"]
[Result "1-0"]
[ECO "A05"]
[WhiteElo "2135"]
[BlackElo "1977"]
[Annotator "NA"]
[PlyCount "101"]
[EventDate "2018.??.??"]
[EventType "swiss"]
[EventCountry "SWE"]
[SourceTitle "playchess.com"]
[Source "ChessBase"]
[SourceQuality "1"]
[TimeControl "1800+12"]

1. Nf3 Nf6 2. g3 b6 3. Bg2 Bb7 4. c4 e5 {[%emt 0:00:00] A15: English Opening: 1...Nf6} (4... e6 5. O-O Be7 6. b3 O-O 7. Bb2 d5 8. cxd5 exd5 9. d4 Ne4 10. Nc3 Nxc3 11. Bxc3 a5 12. Ne5 Nd7 13. Nd3 Bd6 14. e3 Qe7 15. Re1 Nf6 16. Qc2 Rfe8 17. Rad1 h5 18. f3 {1-0 (65) Ponomariov,R (2694)-Anton Guijarro,D (2666) Riadh 2017}) 5. d3 Bb4+ 6. Bd2 Bxd2+ 7. Nbxd2 d6 8. O-O O-O 9. b4 Re8 $146 ({Predecessor:} 9... Nbd7 10. Qc2 Qe7 11. Nb3 c5 12. bxc5 Nxc5 13. Nxc5 bxc5 {1-0 (53) Iwanesko,A (1760)-Baudon,S (1984) Besancon 2006}) 10. Qb3 Nbd7 11. e4 a5 12. a3 axb4 13. axb4 Qe7 14. Nh4 Qf8 15. Rxa8 Rxa8 16. f4 Ra7 17. fxe5 dxe5 18. Bh3 Nb8 19. Ndf3 Nc6 20. c5 bxc5 21. Nf5 $2 (21. b5 $11 Nd4 22. Nxd4 cxd4 23. Qc4) 21... Bc8 22. Ng5 Bxf5 23. Bxf5 Nd4 24. Qc4 h6 {[%emt 0:00:00] [#]} 25. Nxf7 $1 Nxf5 26. Nxe5+ Kh7 27. Rxf5 cxb4 {[%emt 0:00:00] [#]} 28. Nc6 ({Better is} 28. Nd7 $1 $16 Qg8 29. Nxf6+ gxf6 30. Qxb4) 28... Ra1+ 29. Kg2 Qd6 30. Nxb4 Ng4 31. Qc5 Ne3+ (31... Rb1 $11 {keeps the balance.} 32. Qxd6 cxd6) 32. Qxe3 Qxb4 33. Rf2 Qd6 34. e5 Qd5+ 35. Qe4+ Qxe4+ 36. dxe4 Ra8 37. Rc2 Rc8 38. Rc6 Kg8 39. Kf3 Kf7 40. Kf4 Ke7 41. e6 Kf6 42. h4 Rf8 43. e5+ Kg6+ 44. Ke4 Rc8 45. g4 h5 46. g5 $18 (46. gxh5+ $142 Kxh5 47. e7) 46... Re8 47. e7+ Kf7 48. Rxc7 g6 49. Kd5 Rxe7 50. e6+ Kf8 51. Rxe7 1-0